[ AOE2 MATCH · #464381963 ]
UnrankedBohemians vs Dravidians
[ REPLAY ANALYSIS · EXTRACTED FROM THE RECORDED GAME ]
Feudal
10:37
Castle
14:45
Imperial
32:59
| APM avg | 45.9 |
| APM peak | 78 |
| eAPM avg | 22.8 |
| Villagers / military | 64 / 56 |
Focus
⚔️ 32.0% · 🌾 68.0%
Spearman ×22 · Hussite Wagon ×15 · Trebuchet (Packed) ×7 · Mangonel ×6 · Battering Ram ×6
Feudal
11:09
Castle
15:10
Imperial
36:08
| APM avg | 35.8 |
| APM peak | 91 |
| eAPM avg | 20.3 |
| Villagers / military | 120 / 112 |
Focus
⚔️ 25.1% · 🌾 74.9%
Ratha (Ranged) ×40 · Spearman ×29 · Skirmisher ×29 · Militia ×5 · Armored Elephant ×4 · Monk ×3
Feudal
11:32
Castle
15:02
Imperial
36:46
| APM avg | 15.5 |
| APM peak | 49 |
| eAPM avg | 11.4 |
| Villagers / military | 120 / 63 |
Focus
⚔️ 25.1% · 🌾 74.9%
Skirmisher ×34 · Elephant Archer ×25 · Monk ×2 · Bombard Cannon ×2
Feudal
10:32
Castle
13:34
Imperial
26:12
| APM avg | 33.9 |
| APM peak | 78 |
| eAPM avg | 18.1 |
| Villagers / military | 202 / 119 |
Focus
⚔️ 28.2% · 🌾 71.8%
Ballista Elephant ×100 · Knight ×12 · Trebuchet (Packed) ×5 · Monk ×2
Feudal
10:54
Castle
15:01
Imperial
29:54
| APM avg | 24.9 |
| APM peak | 56 |
| eAPM avg | 11.9 |
| Villagers / military | 125 / 60 |
Focus
⚔️ 19.3% · 🌾 80.7%
Knight ×58 · Trebuchet (Packed) ×2
Feudal
10:37
Castle
14:10
Imperial
32:01
| APM avg | 33.6 |
| APM peak | 88 |
| eAPM avg | 20.9 |
| Villagers / military | 155 / 83 |
Focus
⚔️ 26.3% · 🌾 73.7%
Eagle Scout ×44 · Monk ×22 · Trebuchet (Packed) ×7 · Mangonel ×6 · Spearman ×2 · Battering Ram ×2
Match map
Initial resources + every placement click. Lines = walls · curves = elevation contours. ◆ gold · ⬟ stone · ● berries · ✦ relic · ◌ wall gap
Your base· ✓ Closed at 14:45 · 0t walls · 3 gate(s)
Ex Jugador's base· ✓ Closed at 15:10 · 0t walls · 2 gate(s)
Relief's base· ✓ Closed at 15:02 · 0t walls · 2 gate(s)
Mr Fibra's base· ✓ Closed at 13:34 · 0t walls · 3 gate(s)
Fr4ggi's base· ✓ Closed at 15:01 · 0t walls · 3 gate(s)
Quando's base· ✓ Closed at 14:10 · 0t walls · 2 gate(s)
Smoothed initial terrain · ◌ = detected wall gap · hover for details
Inputs per minute
— H3ctor - - Ex Jugador
Build order — H3ctor
First 150 of 200 actions detected
| 0:01 | Queue | Villager (Male) |
| 0:01 | Queue | Villager (Male) |
| 0:02 | Build | House |
| 0:04 | Build | House |
| 0:04 | Queue | Villager (Male) |
| 0:08 | Queue | Villager (Male) |
| 0:09 | Queue | Villager (Male) |
| 1:33 | Queue | Villager (Male) |
| 1:33 | Queue | Villager (Male) |
| 1:45 | Build | Lumber Camp |
| 1:50 | Queue | Villager (Male) |
| 1:50 | Queue | Villager (Male) |
| 2:27 | Queue | Villager (Male) |
| 2:52 | Queue | Villager (Male) |
| 2:52 | Queue | Villager (Male) |
| 3:16 | Queue | Villager (Male) |
| 3:49 | Queue | Villager (Male) |
| 3:49 | Queue | Villager (Male) |
| 3:56 | Build | House |
| 3:57 | Build | House |
| 4:10 | Queue | Villager (Male) |
| 4:11 | Queue | Villager (Male) |
| 4:11 | Queue | Villager (Male) |
| 4:37 | Queue | Villager (Male) |
| 4:59 | Build | Mill |
| 5:03 | Queue | Villager (Male) |
| 5:05 | Queue | Villager (Male) |
| 5:43 | Queue | Villager (Male) |
| 5:43 | Queue | Villager (Male) |
| 6:14 | Queue | Villager (Male) |
| 6:14 | Queue | Villager (Male) |
| 6:17 | Queue | Villager (Male) |
| 7:20 | Queue | Villager (Male) |
| 7:26 | Build | Farm |
| 7:47 | Build | Mining Camp |
| 7:50 | Queue | Villager (Male) |
| 8:28 | Research | Feudal Age |
| 8:52 | Build | Farm |
| 8:55 | Build | Farm |
| 9:25 | Build | Farm |
| 9:34 | Build | House |
| 9:49 | Queue | Villager (Male) |
| 9:49 | Queue | Villager (Male) |
| 10:37 | Age | Feudal Age |
| 10:41 | Build | Market |
| 10:44 | Build | Blacksmith |
| 12:05 | Research | Castle Age |
| 12:59 | Research | Double-Bit Axe |
| 13:38 | Research | Loom |
| 13:40 | Queue | Villager (Male) |
| 14:45 | Age | Castle Age |
| 14:54 | Build | Castle |
| 14:58 | Research | Bow Saw |
| 15:00 | Queue | Villager (Male) |
| 15:05 | Build | Mining Camp |
| 15:12 | Build | Mining Camp |
| 15:14 | Queue | Villager (Male) |
| 16:07 | Build | Palisade Wall |
| 16:07 | Build | Palisade Wall |
| 16:29 | Build | Palisade Wall |
| 16:32 | Build | House |
| 16:35 | Build | Palisade Wall |
| 16:38 | Build | Palisade Wall |
| 16:52 | Build | Palisade Wall |
| 16:56 | Build | Palisade Wall |
| 16:58 | Queue | Villager (Male) |
| 16:59 | Queue | Villager (Male) |
| 17:05 | Queue | Villager (Male) |
| 17:20 | Build | Palisade Wall |
| 17:22 | Build | Palisade Wall |
| 17:36 | Build | Lumber Camp |
| 17:38 | Queue | Hussite Wagon |
| 17:39 | Queue | Hussite Wagon |
| 17:45 | Queue | Villager (Male) |
| 17:47 | Build | Farm |
| 17:59 | Queue | Villager (Male) |
| 18:01 | Queue | Hussite Wagon |
| 18:02 | Queue | Hussite Wagon |
| 18:37 | Queue | Hussite Wagon |
| 19:35 | Queue | Villager (Male) |
| 19:46 | Build | Siege Workshop |
| 19:55 | Queue | Hussite Wagon |
| 20:06 | Build | Farm |
| 20:06 | Queue | Villager (Male) |
| 20:39 | Queue | Mangonel |
| 20:39 | Queue | Mangonel |
| 21:10 | Queue | Hussite Wagon |
| 21:19 | Build | House |
| 21:53 | Queue | Mangonel |
| 22:31 | Build | Farm |
| 22:31 | Build | Farm |
| 22:31 | Build | Farm |
| 22:31 | Build | Farm |
| 22:32 | Queue | Villager (Male) |
| 22:36 | Research | Horse Collar |
| 22:37 | Queue | Villager (Male) |
| 22:44 | Queue | Hussite Wagon |
| 22:44 | Queue | Hussite Wagon |
| 23:06 | Queue | Mangonel |
| 23:51 | Queue | Mangonel |
| 24:10 | Queue | Hussite Wagon |
| 24:20 | Queue | Hussite Wagon |
| 24:20 | Queue | Hussite Wagon |
| 24:57 | Queue | Villager (Male) |
| 24:58 | Queue | Villager (Male) |
| 25:00 | Build | Farm |
| 25:00 | Build | Farm |
| 25:00 | Build | Farm |
| 25:01 | Queue | Villager (Male) |
| 25:30 | Queue | Mangonel |
| 26:11 | Queue | Villager (Male) |
| 26:27 | Queue | Battering Ram |
| 26:28 | Queue | Battering Ram |
| 26:28 | Queue | Battering Ram |
| 27:01 | Build | Farm |
| 27:15 | Build | Farm |
| 27:20 | Queue | Battering Ram |
| 28:02 | Build | Barracks |
| 28:04 | Queue | Villager (Male) |
| 28:11 | Queue | Hussite Wagon |
| 28:11 | Queue | Hussite Wagon |
| 28:11 | Queue | Hussite Wagon |
| 28:21 | Queue | Villager (Male) |
| 28:24 | Build | Lumber Camp |
| 28:25 | Queue | Villager (Male) |
| 28:35 | Queue | Villager (Male) |
| 28:43 | Build | Barracks |
| 28:47 | Research | Scale Mail Armor |
| 28:47 | Research | Forging |
| 28:48 | Queue | Villager (Male) |
| 29:49 | Research | Imperial Age |
| 30:15 | Queue | Spearman |
| 30:15 | Queue | Spearman |
| 30:15 | Queue | Spearman |
| 30:15 | Queue | Spearman |
| 30:17 | Build | Barracks |
| 30:53 | Research | Pikeman (upgrade) |
| 31:45 | Build | Farm |
| 31:47 | Build | Farm |
| 31:49 | Build | Farm |
| 32:15 | Queue | Spearman |
| 32:15 | Queue | Spearman |
| 32:15 | Queue | Spearman |
| 32:21 | Research | Chain Mail Armor |
| 32:46 | Build | University |
| 32:59 | Age | Imperial Age |
| 33:00 | Queue | Trebuchet (Packed) |
| 33:00 | Queue | Trebuchet (Packed) |
| 33:08 | Research | Iron Casting |
| 34:34 | Queue | Trebuchet (Packed) |
Build order — Ex Jugador
First 150 of 378 actions detected
| 0:01 | Queue | Villager (Male) |
| 0:01 | Queue | Villager (Male) |
| 0:02 | Build | House |
| 0:03 | Build | House |
| 0:41 | Queue | Villager (Male) |
| 1:19 | Queue | Villager (Male) |
| 1:42 | Queue | Villager (Male) |
| 1:50 | Build | Lumber Camp |
| 1:53 | Queue | Villager (Male) |
| 1:53 | Queue | Villager (Male) |
| 2:29 | Queue | Villager (Male) |
| 3:02 | Queue | Villager (Male) |
| 3:02 | Queue | Villager (Male) |
| 3:24 | Queue | Villager (Male) |
| 4:05 | Queue | Villager (Male) |
| 4:05 | Queue | Villager (Male) |
| 4:15 | Build | House |
| 4:16 | Build | House |
| 4:56 | Queue | Villager (Male) |
| 4:56 | Queue | Villager (Male) |
| 5:07 | Build | Mill |
| 5:22 | Queue | Villager (Male) |
| 6:01 | Queue | Villager (Male) |
| 6:02 | Queue | Villager (Male) |
| 6:43 | Build | Farm |
| 6:50 | Build | Farm |
| 6:54 | Queue | Villager (Male) |
| 6:54 | Queue | Villager (Male) |
| 7:02 | Build | Farm |
| 7:21 | Queue | Villager (Male) |
| 7:22 | Queue | Villager (Male) |
| 8:10 | Queue | Villager (Male) |
| 8:29 | Queue | Villager (Male) |
| 8:39 | Research | Feudal Age |
| 9:17 | Build | Mining Camp |
| 9:53 | Queue | Villager (Male) |
| 9:54 | Queue | Villager (Male) |
| 10:11 | Build | House |
| 11:09 | Age | Feudal Age |
| 11:14 | Build | Market |
| 11:18 | Build | Blacksmith |
| 11:52 | Build | Farm |
| 12:30 | Research | Castle Age |
| 12:44 | Research | Horse Collar |
| 13:19 | Research | Stone Mining |
| 13:35 | Research | Double-Bit Axe |
| 13:58 | Queue | Villager (Male) |
| 14:42 | Build | Farm |
| 14:45 | Build | Farm |
| 14:49 | Build | Farm |
| 15:10 | Age | Castle Age |
| 15:17 | Build | Castle |
| 15:22 | Build | House |
| 15:24 | Build | House |
| 15:30 | Build | House |
| 15:41 | Research | Wheelbarrow |
| 15:50 | Build | Mining Camp |
| 16:07 | Queue | Villager (Male) |
| 16:17 | Research | Fletching |
| 16:50 | Build | Lumber Camp |
| 17:18 | Queue | Ratha (Ranged) |
| 17:18 | Queue | Ratha (Ranged) |
| 17:20 | Queue | Villager (Male) |
| 17:33 | Research | Gold Mining |
| 17:46 | Queue | Ratha (Ranged) |
| 17:52 | Queue | Villager (Male) |
| 17:54 | Queue | Villager (Male) |
| 17:56 | Queue | Villager (Male) |
| 18:15 | Queue | Ratha (Ranged) |
| 18:15 | Queue | Ratha (Ranged) |
| 18:21 | Research | Bow Saw |
| 18:21 | Research | Bow Saw |
| 19:07 | Queue | Ratha (Ranged) |
| 19:07 | Queue | Ratha (Ranged) |
| 19:08 | Queue | Villager (Male) |
| 19:08 | Queue | Villager (Male) |
| 19:08 | Queue | Villager (Male) |
| 19:38 | Queue | Ratha (Ranged) |
| 20:01 | Build | Monastery |
| 20:03 | Queue | Villager (Male) |
| 20:04 | Queue | Villager (Male) |
| 20:24 | Queue | Villager (Male) |
| 20:25 | Queue | Villager (Male) |
| 20:25 | Queue | Villager (Male) |
| 20:32 | Queue | Ratha (Ranged) |
| 20:33 | Queue | Ratha (Ranged) |
| 20:49 | Queue | Monk |
| 20:50 | Queue | Villager (Male) |
| 21:05 | Build | Farm |
| 21:09 | Build | Town Center |
| 21:27 | Queue | Ratha (Ranged) |
| 21:27 | Queue | Ratha (Ranged) |
| 21:57 | Queue | Villager (Male) |
| 21:57 | Queue | Villager (Male) |
| 22:08 | Queue | Ratha (Ranged) |
| 22:23 | Build | Farm |
| 22:36 | Build | Siege Workshop |
| 22:42 | Build | Farm |
| 22:43 | Queue | Villager (Male) |
| 22:43 | Queue | Villager (Male) |
| 22:44 | Queue | Villager (Male) |
| 22:44 | Queue | Villager (Male) |
| 22:49 | Build | Farm |
| 22:49 | Build | Farm |
| 22:49 | Build | Farm |
| 22:50 | Build | Farm |
| 22:50 | Build | Farm |
| 22:50 | Build | Farm |
| 22:52 | Build | Farm |
| 22:52 | Build | Farm |
| 22:52 | Build | Farm |
| 22:52 | Build | Farm |
| 22:58 | Queue | Villager (Male) |
| 22:58 | Queue | Villager (Male) |
| 23:21 | Build | Town Center |
| 23:23 | Queue | Villager (Male) |
| 23:23 | Queue | Villager (Male) |
| 23:24 | Research | Loom |
| 23:38 | Build | Mining Camp |
| 23:49 | Queue | Ratha (Ranged) |
| 23:49 | Queue | Ratha (Ranged) |
| 23:53 | Queue | Armored Elephant |
| 24:17 | Build | Farm |
| 24:19 | Build | Farm |
| 24:19 | Queue | Villager (Male) |
| 24:20 | Queue | Villager (Male) |
| 24:20 | Queue | Villager (Male) |
| 24:20 | Queue | Villager (Male) |
| 24:20 | Queue | Villager (Male) |
| 24:20 | Queue | Villager (Male) |
| 24:33 | Queue | Armored Elephant |
| 24:47 | Queue | Ratha (Ranged) |
| 24:54 | Research | Forging |
| 24:57 | Build | Farm |
| 24:57 | Queue | Villager (Male) |
| 25:07 | Build | Farm |
| 25:07 | Build | Farm |
| 25:07 | Build | Farm |
| 25:11 | Build | Farm |
| 25:14 | Build | Farm |
| 25:20 | Build | Mining Camp |
| 25:23 | Queue | Villager (Male) |
| 25:24 | Queue | Villager (Male) |
| 25:24 | Queue | Villager (Male) |
| 25:24 | Queue | Villager (Male) |
| 25:46 | Queue | Armored Elephant |
| 25:55 | Build | Farm |
| 25:58 | Queue | Villager (Male) |
| 25:58 | Queue | Villager (Male) |
| 25:59 | Queue | Villager (Male) |
Build order — Relief
First 150 of 323 actions detected
| 0:03 | Queue | Villager (Male) |
| 0:03 | Queue | Villager (Male) |
| 0:05 | Build | House |
| 0:07 | Build | House |
| 0:21 | Queue | Villager (Male) |
| 0:22 | Queue | Villager (Male) |
| 0:22 | Queue | Villager (Male) |
| 1:27 | Queue | Villager (Male) |
| 1:53 | Queue | Villager (Male) |
| 1:56 | Build | Lumber Camp |
| 2:33 | Queue | Villager (Male) |
| 2:57 | Queue | Villager (Male) |
| 3:16 | Queue | Villager (Male) |
| 3:56 | Queue | Villager (Male) |
| 3:59 | Build | House |
| 4:00 | Build | House |
| 4:22 | Queue | Villager (Male) |
| 4:22 | Queue | Villager (Male) |
| 4:32 | Build | Mill |
| 4:53 | Queue | Villager (Male) |
| 5:27 | Queue | Villager (Male) |
| 5:39 | Queue | Villager (Male) |
| 5:51 | Queue | Villager (Male) |
| 6:12 | Queue | Villager (Male) |
| 6:18 | Build | Farm |
| 6:21 | Build | Farm |
| 6:34 | Build | Farm |
| 6:35 | Queue | Villager (Male) |
| 6:45 | Queue | Villager (Male) |
| 7:24 | Build | House |
| 7:55 | Queue | Villager (Male) |
| 7:58 | Build | Mining Camp |
| 8:01 | Queue | Villager (Male) |
| 8:20 | Queue | Villager (Male) |
| 9:03 | Build | Mining Camp |
| 9:06 | Research | Feudal Age |
| 9:38 | Queue | Villager (Male) |
| 9:39 | Queue | Villager (Male) |
| 11:32 | Age | Feudal Age |
| 11:34 | Build | Market |
| 11:37 | Build | Blacksmith |
| 11:44 | Build | House |
| 12:22 | Research | Castle Age |
| 14:05 | Queue | Villager (Male) |
| 14:09 | Research | Double-Bit Axe |
| 14:13 | Research | Horse Collar |
| 15:02 | Age | Castle Age |
| 15:05 | Build | Monastery |
| 15:16 | Queue | Villager (Male) |
| 15:28 | Build | Town Center |
| 15:57 | Queue | Villager (Male) |
| 16:03 | Build | Castle |
| 16:09 | Queue | Villager (Male) |
| 16:20 | Queue | Villager (Male) |
| 16:26 | Queue | Monk |
| 16:40 | Build | Farm |
| 16:45 | Build | Farm |
| 16:47 | Queue | Villager (Male) |
| 17:37 | Queue | Villager (Male) |
| 17:51 | Build | Barracks |
| 17:56 | Build | House |
| 17:57 | Build | House |
| 18:01 | Build | House |
| 18:03 | Queue | Villager (Male) |
| 18:03 | Queue | Villager (Male) |
| 18:04 | Queue | Villager (Male) |
| 18:09 | Build | Farm |
| 18:11 | Queue | Villager (Male) |
| 18:28 | Build | Gate |
| 19:07 | Build | House |
| 19:09 | Queue | Villager (Male) |
| 19:09 | Queue | Villager (Male) |
| 19:29 | Build | Farm |
| 19:32 | Build | Farm |
| 19:32 | Queue | Villager (Male) |
| 19:33 | Queue | Villager (Male) |
| 19:40 | Build | Stone Wall |
| 19:44 | Build | Stone Wall |
| 20:10 | Build | Archery Range |
| 20:15 | Build | Archery Range |
| 20:18 | Build | Farm |
| 20:20 | Queue | Villager (Male) |
| 20:21 | Queue | Villager (Male) |
| 20:21 | Queue | Villager (Male) |
| 20:59 | Queue | Villager (Male) |
| 21:27 | Queue | Villager (Male) |
| 21:28 | Research | Loom |
| 21:39 | Build | Farm |
| 21:43 | Build | Town Center |
| 21:44 | Queue | Villager (Male) |
| 21:44 | Queue | Villager (Male) |
| 22:10 | Queue | Villager (Male) |
| 22:10 | Queue | Villager (Male) |
| 22:14 | Build | Farm |
| 22:16 | Build | Farm |
| 22:25 | Build | University |
| 22:26 | Queue | Villager (Male) |
| 22:26 | Queue | Villager (Male) |
| 22:37 | Build | Farm |
| 22:40 | Queue | Elephant Archer |
| 22:44 | Queue | Villager (Male) |
| 22:49 | Build | Farm |
| 22:51 | Build | Farm |
| 23:01 | Build | Farm |
| 23:02 | Queue | Villager (Male) |
| 23:16 | Build | Farm |
| 23:19 | Build | Farm |
| 23:22 | Build | Farm |
| 23:25 | Queue | Villager (Male) |
| 23:29 | Queue | Elephant Archer |
| 23:29 | Queue | Elephant Archer |
| 23:44 | Queue | Villager (Male) |
| 23:50 | Build | Farm |
| 23:53 | Build | Farm |
| 23:59 | Build | Farm |
| 24:02 | Build | House |
| 24:03 | Build | House |
| 24:09 | Build | Farm |
| 24:12 | Build | Farm |
| 24:13 | Queue | Villager (Male) |
| 24:14 | Queue | Villager (Male) |
| 24:37 | Research | Elite Skirmisher (upgrade) |
| 24:40 | Research | Fletching |
| 24:44 | Build | Farm |
| 24:48 | Build | Farm |
| 24:49 | Queue | Villager (Male) |
| 24:50 | Queue | Villager (Male) |
| 24:50 | Queue | Villager (Male) |
| 25:02 | Build | Farm |
| 25:05 | Build | House |
| 25:07 | Build | House |
| 25:12 | Research | Fortified Wall (upgrade) |
| 25:15 | Queue | Villager (Male) |
| 25:32 | Queue | Villager (Male) |
| 25:32 | Queue | Villager (Male) |
| 25:36 | Queue | Villager (Male) |
| 26:00 | Research | Bodkin Arrow |
| 26:07 | Build | Lumber Camp |
| 26:07 | Queue | Villager (Male) |
| 26:08 | Queue | Villager (Male) |
| 26:12 | Build | Farm |
| 26:20 | Build | House |
| 26:23 | Build | House |
| 26:23 | Queue | Villager (Male) |
| 26:24 | Queue | Villager (Male) |
| 26:49 | Queue | Villager (Male) |
| 26:49 | Queue | Villager (Male) |
| 26:56 | Build | Farm |
| 26:59 | Build | Farm |
| 27:02 | Build | Farm |
Build order — Mr Fibra
First 150 of 474 actions detected
| 0:01 | Queue | Villager (Male) |
| 0:02 | Queue | Villager (Male) |
| 0:02 | Queue | Villager (Male) |
| 0:02 | Queue | Villager (Male) |
| 0:02 | Queue | Villager (Male) |
| 0:04 | Build | House |
| 0:05 | Build | House |
| 1:24 | Queue | Villager (Male) |
| 1:24 | Queue | Villager (Male) |
| 1:24 | Queue | Villager (Male) |
| 1:25 | Queue | Villager (Male) |
| 2:05 | Queue | Villager (Male) |
| 2:06 | Queue | Villager (Male) |
| 2:06 | Queue | Villager (Male) |
| 2:12 | Build | Lumber Camp |
| 2:30 | Queue | Villager (Male) |
| 2:30 | Queue | Villager (Male) |
| 2:31 | Queue | Villager (Male) |
| 2:31 | Queue | Villager (Male) |
| 2:53 | Queue | Villager (Male) |
| 2:53 | Queue | Villager (Male) |
| 2:53 | Queue | Villager (Male) |
| 3:18 | Queue | Villager (Male) |
| 3:18 | Queue | Villager (Male) |
| 3:18 | Queue | Villager (Male) |
| 3:18 | Queue | Villager (Male) |
| 3:49 | Queue | Villager (Male) |
| 3:49 | Queue | Villager (Male) |
| 3:49 | Queue | Villager (Male) |
| 3:57 | Build | House |
| 4:23 | Queue | Villager (Male) |
| 4:23 | Queue | Villager (Male) |
| 4:23 | Queue | Villager (Male) |
| 4:27 | Build | Mill |
| 4:46 | Queue | Villager (Male) |
| 5:20 | Queue | Villager (Male) |
| 5:21 | Queue | Villager (Male) |
| 5:21 | Queue | Villager (Male) |
| 5:37 | Build | House |
| 6:03 | Queue | Villager (Male) |
| 6:17 | Queue | Villager (Male) |
| 6:37 | Queue | Villager (Male) |
| 6:59 | Queue | Villager (Male) |
| 7:55 | Research | Feudal Age |
| 8:01 | Build | Mining Camp |
| 9:04 | Build | Farm |
| 9:08 | Build | Farm |
| 9:15 | Build | Farm |
| 10:00 | Build | Farm |
| 10:32 | Age | Feudal Age |
| 10:54 | Research | Castle Age |
| 10:54 | Research | Castle Age |
| 10:55 | Research | Castle Age |
| 11:06 | Research | Double-Bit Axe |
| 11:32 | Research | Horse Collar |
| 12:51 | Queue | Villager (Male) |
| 12:57 | Build | House |
| 13:00 | Build | House |
| 13:34 | Age | Castle Age |
| 13:38 | Build | Monastery |
| 13:40 | Queue | Villager (Male) |
| 13:43 | Build | Town Center |
| 13:56 | Queue | Villager (Male) |
| 14:06 | Queue | Monk |
| 14:32 | Queue | Villager (Male) |
| 14:38 | Build | Town Center |
| 14:41 | Queue | Villager (Male) |
| 14:41 | Queue | Villager (Male) |
| 14:56 | Queue | Villager (Male) |
| 14:58 | Queue | Villager (Male) |
| 14:58 | Queue | Villager (Male) |
| 14:58 | Queue | Villager (Male) |
| 14:58 | Queue | Villager (Male) |
| 14:58 | Queue | Villager (Male) |
| 15:21 | Build | Farm |
| 15:22 | Queue | Villager (Male) |
| 15:22 | Queue | Villager (Male) |
| 15:23 | Queue | Villager (Male) |
| 15:50 | Queue | Villager (Male) |
| 15:50 | Queue | Villager (Male) |
| 15:57 | Queue | Monk |
| 16:08 | Build | Farm |
| 16:17 | Queue | Villager (Male) |
| 16:18 | Queue | Villager (Male) |
| 16:28 | Build | Farm |
| 16:30 | Build | Farm |
| 16:37 | Build | House |
| 16:38 | Build | House |
| 16:38 | Build | House |
| 16:39 | Queue | Villager (Male) |
| 16:40 | Queue | Villager (Male) |
| 16:40 | Queue | Villager (Male) |
| 16:58 | Queue | Villager (Male) |
| 16:58 | Queue | Villager (Male) |
| 17:02 | Build | Farm |
| 17:12 | Queue | Villager (Male) |
| 17:12 | Queue | Villager (Male) |
| 17:13 | Queue | Villager (Male) |
| 17:16 | Build | Farm |
| 17:18 | Build | Farm |
| 17:30 | Queue | Villager (Male) |
| 17:30 | Queue | Villager (Male) |
| 17:51 | Queue | Villager (Male) |
| 17:51 | Queue | Villager (Male) |
| 17:53 | Build | Farm |
| 17:55 | Build | Farm |
| 17:57 | Build | Farm |
| 17:58 | Queue | Villager (Male) |
| 17:58 | Queue | Villager (Male) |
| 18:00 | Build | Farm |
| 18:10 | Queue | Villager (Male) |
| 18:10 | Queue | Villager (Male) |
| 18:14 | Build | Farm |
| 18:24 | Build | Farm |
| 18:29 | Research | Stone Mining |
| 18:29 | Research | Stone Mining |
| 18:29 | Research | Stone Mining |
| 18:34 | Build | Farm |
| 18:37 | Build | House |
| 18:38 | Build | House |
| 18:39 | Queue | Villager (Male) |
| 18:44 | Build | University |
| 18:56 | Queue | Villager (Male) |
| 18:56 | Queue | Villager (Male) |
| 18:57 | Queue | Villager (Male) |
| 19:00 | Build | Farm |
| 19:05 | Queue | Villager (Male) |
| 19:05 | Queue | Villager (Male) |
| 19:05 | Queue | Villager (Male) |
| 19:12 | Queue | Villager (Male) |
| 19:12 | Queue | Villager (Male) |
| 19:12 | Queue | Villager (Male) |
| 19:21 | Build | Farm |
| 19:24 | Build | Farm |
| 19:26 | Build | Farm |
| 19:33 | Build | Farm |
| 19:33 | Queue | Villager (Male) |
| 19:33 | Queue | Villager (Male) |
| 19:34 | Queue | Villager (Male) |
| 19:34 | Queue | Villager (Male) |
| 19:36 | Build | Farm |
| 19:37 | Queue | Villager (Male) |
| 19:37 | Queue | Villager (Male) |
| 19:39 | Build | Farm |
| 19:46 | Queue | Villager (Male) |
| 19:47 | Queue | Villager (Male) |
| 19:47 | Queue | Villager (Male) |
| 19:51 | Queue | Villager (Male) |
| 19:51 | Queue | Villager (Male) |
| 19:54 | Build | House |
Build order — Fr4ggi
First 150 of 304 actions detected
| 0:04 | Build | House |
| 0:06 | Build | House |
| 0:08 | Queue | Villager (Male) |
| 0:08 | Queue | Villager (Male) |
| 0:08 | Queue | Villager (Male) |
| 1:00 | Queue | Villager (Male) |
| 1:01 | Queue | Villager (Male) |
| 1:42 | Queue | Villager (Male) |
| 1:58 | Build | Lumber Camp |
| 2:00 | Queue | Villager (Male) |
| 2:40 | Queue | Villager (Male) |
| 3:23 | Queue | Villager (Male) |
| 3:23 | Queue | Villager (Male) |
| 3:33 | Build | House |
| 4:19 | Build | Mill |
| 4:28 | Queue | Villager (Male) |
| 4:28 | Queue | Villager (Male) |
| 5:11 | Queue | Villager (Male) |
| 5:11 | Queue | Villager (Male) |
| 5:28 | Queue | Villager (Male) |
| 5:32 | Build | House |
| 6:05 | Queue | Villager (Male) |
| 6:20 | Queue | Villager (Male) |
| 6:34 | Build | Farm |
| 6:40 | Build | Farm |
| 6:42 | Queue | Villager (Male) |
| 7:37 | Queue | Villager (Male) |
| 7:44 | Build | Farm |
| 7:49 | Queue | Villager (Male) |
| 8:07 | Queue | Villager (Male) |
| 8:21 | Research | Feudal Age |
| 8:32 | Build | Mining Camp |
| 8:55 | Queue | Villager (Male) |
| 9:12 | Build | Barracks |
| 9:14 | Build | House |
| 10:54 | Age | Feudal Age |
| 10:57 | Build | Stable |
| 11:00 | Queue | Villager (Male) |
| 11:18 | Queue | Villager (Male) |
| 11:32 | Queue | Villager (Male) |
| 11:52 | Build | Blacksmith |
| 12:10 | Build | Farm |
| 12:33 | Build | Farm |
| 12:36 | Research | Castle Age |
| 12:47 | Build | House |
| 12:57 | Build | House |
| 12:59 | Build | House |
| 13:09 | Build | Lumber Camp |
| 14:07 | Research | Double-Bit Axe |
| 14:12 | Build | Farm |
| 14:15 | Queue | Villager (Male) |
| 14:19 | Research | Bloodlines |
| 14:24 | Build | House |
| 14:27 | Research | Scale Barding Armor |
| 14:36 | Build | Farm |
| 14:54 | Build | Farm |
| 14:55 | Build | Farm |
| 14:56 | Build | Farm |
| 14:59 | Queue | Villager (Male) |
| 15:01 | Age | Castle Age |
| 15:38 | Build | Farm |
| 15:45 | Queue | Villager (Male) |
| 15:46 | Queue | Villager (Male) |
| 16:11 | Build | Town Center |
| 16:13 | Queue | Villager (Male) |
| 16:39 | Queue | Villager (Male) |
| 16:44 | Queue | Knight |
| 16:58 | Queue | Villager (Male) |
| 17:06 | Research | Horse Collar |
| 17:19 | Build | Farm |
| 17:26 | Build | Farm |
| 17:28 | Build | Farm |
| 17:33 | Queue | Villager (Male) |
| 17:41 | Queue | Villager (Male) |
| 17:59 | Build | Farm |
| 18:05 | Queue | Knight |
| 18:17 | Queue | Knight |
| 18:24 | Queue | Villager (Male) |
| 18:30 | Build | Farm |
| 18:34 | Build | Farm |
| 18:38 | Queue | Villager (Male) |
| 18:38 | Queue | Villager (Male) |
| 18:46 | Build | Town Center |
| 18:54 | Queue | Villager (Male) |
| 19:30 | Research | Husbandry |
| 19:35 | Queue | Villager (Male) |
| 19:37 | Queue | Villager (Male) |
| 20:07 | Build | Stable |
| 20:09 | Build | Mining Camp |
| 20:13 | Build | Farm |
| 20:14 | Build | Farm |
| 20:15 | Queue | Villager (Male) |
| 20:15 | Queue | Villager (Male) |
| 20:21 | Queue | Villager (Male) |
| 20:21 | Queue | Villager (Male) |
| 20:33 | Queue | Villager (Male) |
| 20:34 | Queue | Villager (Male) |
| 20:38 | Build | Farm |
| 20:40 | Build | Farm |
| 20:49 | Build | Farm |
| 20:50 | Queue | Villager (Male) |
| 21:07 | Queue | Knight |
| 21:09 | Build | Farm |
| 21:21 | Build | Farm |
| 21:22 | Build | Farm |
| 21:24 | Queue | Villager (Male) |
| 21:24 | Queue | Villager (Male) |
| 21:29 | Build | Farm |
| 21:29 | Queue | Villager (Male) |
| 21:38 | Build | House |
| 21:40 | Build | House |
| 21:42 | Build | House |
| 21:43 | Build | House |
| 21:54 | Research | Forging |
| 21:58 | Research | Bow Saw |
| 22:12 | Build | Farm |
| 22:16 | Build | Farm |
| 22:17 | Build | Farm |
| 22:21 | Queue | Villager (Male) |
| 22:23 | Queue | Villager (Male) |
| 22:27 | Research | Heavy Plow |
| 22:56 | Build | Farm |
| 22:57 | Queue | Villager (Male) |
| 22:59 | Research | Wheelbarrow |
| 23:02 | Queue | Villager (Male) |
| 23:12 | Queue | Villager (Male) |
| 23:18 | Build | Farm |
| 23:21 | Queue | Villager (Male) |
| 23:35 | Build | Farm |
| 23:38 | Build | House |
| 23:40 | Build | House |
| 24:13 | Queue | Knight |
| 24:13 | Queue | Knight |
| 24:17 | Queue | Villager (Male) |
| 24:17 | Queue | Villager (Male) |
| 24:19 | Queue | Villager (Male) |
| 24:30 | Build | Siege Workshop |
| 24:36 | Build | University |
| 24:47 | Research | Hand Cart |
| 24:48 | Queue | Villager (Male) |
| 24:48 | Queue | Villager (Male) |
| 24:49 | Queue | Villager (Male) |
| 24:51 | Queue | Villager (Male) |
| 24:52 | Queue | Villager (Male) |
| 24:57 | Build | Farm |
| 25:03 | Build | House |
| 25:05 | Build | House |
| 25:06 | Build | House |
| 25:25 | Build | Farm |
| 25:31 | Queue | Villager (Male) |
Build order — Quando
First 150 of 352 actions detected
| 0:00 | Queue | Villager (Male) |
| 0:00 | Queue | Villager (Male) |
| 0:01 | Queue | Villager (Male) |
| 0:01 | Queue | Villager (Male) |
| 0:02 | Build | House |
| 0:04 | Build | House |
| 1:33 | Queue | Villager (Male) |
| 1:33 | Queue | Villager (Male) |
| 1:43 | Build | Lumber Camp |
| 2:33 | Queue | Villager (Male) |
| 2:33 | Queue | Villager (Male) |
| 3:26 | Queue | Villager (Male) |
| 3:26 | Queue | Villager (Male) |
| 3:27 | Queue | Villager (Male) |
| 4:01 | Build | House |
| 4:02 | Build | House |
| 4:06 | Queue | Villager (Male) |
| 4:32 | Build | House |
| 4:55 | Queue | Villager (Male) |
| 5:13 | Build | Mill |
| 5:16 | Queue | Villager (Male) |
| 5:17 | Queue | Villager (Male) |
| 5:30 | Queue | Villager (Male) |
| 5:40 | Queue | Villager (Male) |
| 6:04 | Queue | Villager (Male) |
| 6:13 | Queue | Villager (Male) |
| 6:39 | Queue | Villager (Male) |
| 7:06 | Queue | Villager (Male) |
| 7:16 | Build | Farm |
| 7:20 | Build | Farm |
| 7:29 | Queue | Villager (Male) |
| 8:07 | Research | Feudal Age |
| 8:12 | Build | Mining Camp |
| 8:42 | Queue | Villager (Male) |
| 8:42 | Queue | Villager (Male) |
| 10:37 | Age | Feudal Age |
| 10:40 | Build | Market |
| 10:42 | Build | Blacksmith |
| 11:30 | Research | Castle Age |
| 12:16 | Build | Barracks |
| 12:20 | Research | Double-Bit Axe |
| 12:34 | Build | House |
| 13:01 | Queue | Villager (Male) |
| 13:12 | Queue | Spearman |
| 13:46 | Queue | Spearman |
| 14:10 | Age | Castle Age |
| 14:15 | Build | Monastery |
| 14:22 | Build | Town Center |
| 14:23 | Queue | Villager (Male) |
| 14:26 | Research | Horse Collar |
| 14:39 | Queue | Eagle Scout |
| 14:46 | Queue | Villager (Male) |
| 14:49 | Build | House |
| 14:51 | Research | Bow Saw |
| 15:04 | Queue | Monk |
| 15:28 | Queue | Villager (Male) |
| 15:29 | Build | House |
| 15:44 | Queue | Villager (Male) |
| 15:54 | Queue | Eagle Scout |
| 16:02 | Queue | Villager (Male) |
| 16:06 | Build | Town Center |
| 16:19 | Queue | Monk |
| 16:21 | Build | House |
| 16:49 | Build | Farm |
| 16:53 | Build | Farm |
| 16:54 | Build | Farm |
| 16:56 | Build | Farm |
| 16:57 | Build | Farm |
| 16:58 | Queue | Villager (Male) |
| 17:08 | Build | House |
| 17:10 | Build | House |
| 17:21 | Queue | Monk |
| 17:35 | Build | Farm |
| 17:36 | Build | Farm |
| 17:36 | Build | Farm |
| 17:36 | Build | Farm |
| 17:36 | Build | Farm |
| 17:36 | Build | Farm |
| 17:47 | Queue | Villager (Male) |
| 17:47 | Queue | Villager (Male) |
| 18:00 | Research | Loom |
| 18:05 | Queue | Villager (Male) |
| 18:16 | Build | Farm |
| 18:31 | Queue | Villager (Male) |
| 18:33 | Build | Siege Workshop |
| 18:46 | Queue | Villager (Male) |
| 18:51 | Build | Farm |
| 18:52 | Queue | Villager (Male) |
| 18:59 | Research | Sanctity |
| 19:10 | Queue | Villager (Male) |
| 19:11 | Queue | Villager (Male) |
| 19:25 | Queue | Villager (Male) |
| 19:25 | Queue | Villager (Male) |
| 19:29 | Build | House |
| 19:30 | Build | House |
| 19:40 | Queue | Villager (Male) |
| 19:41 | Queue | Villager (Male) |
| 19:50 | Queue | Mangonel |
| 19:59 | Queue | Villager (Male) |
| 20:01 | Build | Farm |
| 20:03 | Queue | Villager (Male) |
| 20:18 | Queue | Villager (Male) |
| 20:19 | Queue | Villager (Male) |
| 20:29 | Queue | Villager (Male) |
| 20:58 | Queue | Villager (Male) |
| 20:58 | Queue | Villager (Male) |
| 21:07 | Queue | Mangonel |
| 21:08 | Queue | Villager (Male) |
| 21:12 | Queue | Villager (Male) |
| 21:14 | Build | House |
| 21:15 | Build | House |
| 21:28 | Queue | Villager (Male) |
| 21:44 | Research | Redemption |
| 21:54 | Queue | Villager (Male) |
| 22:15 | Queue | Villager (Male) |
| 22:15 | Queue | Villager (Male) |
| 22:19 | Build | Farm |
| 22:19 | Build | Farm |
| 22:19 | Build | Farm |
| 22:20 | Build | Farm |
| 22:20 | Build | Farm |
| 22:25 | Queue | Villager (Male) |
| 22:39 | Build | Farm |
| 22:42 | Queue | Villager (Male) |
| 22:49 | Research | Fervor |
| 22:50 | Queue | Villager (Male) |
| 23:00 | Build | Monastery |
| 23:44 | Queue | Villager (Male) |
| 23:45 | Queue | Villager (Male) |
| 23:47 | Queue | Monk |
| 23:49 | Queue | Villager (Male) |
| 23:49 | Queue | Villager (Male) |
| 23:53 | Queue | Villager (Male) |
| 23:53 | Queue | Villager (Male) |
| 24:02 | Build | Mill |
| 24:03 | Build | Farm |
| 24:03 | Build | Farm |
| 24:03 | Build | Farm |
| 24:04 | Build | Farm |
| 24:04 | Build | Farm |
| 24:05 | Research | Heavy Plow |
| 24:10 | Queue | Monk |
| 24:14 | Build | Farm |
| 24:16 | Build | Farm |
| 24:18 | Build | House |
| 24:18 | Build | House |
| 24:29 | Queue | Monk |
| 24:30 | Queue | Villager (Male) |
| 24:30 | Queue | Villager (Male) |
| 24:31 | Queue | Villager (Male) |
Match timeline
| 9:12 | Fr4ggi · first_building Barracks |
| 10:32 | Mr Fibra · age_up feudal |
| 10:37 | Quando · age_up feudal |
| 10:37 | H3ctor · age_up feudal |
| 10:54 | Fr4ggi · age_up feudal |
| 10:57 | Fr4ggi · first_building Stable |
| 11:09 | Ex Jugador · age_up feudal |
| 11:31 | H3ctor · first_market_sell 100 stone |
| 11:32 | Relief · age_up feudal |
| 12:08 | Ex Jugador · first_market_sell 100 wood |
| 12:16 | Quando · first_building Barracks |
| 13:34 | Mr Fibra · age_up castle |
| 13:38 | Mr Fibra · first_building Monastery |
| 14:10 | Quando · age_up castle |
| 14:15 | Quando · first_building Monastery |
| 14:45 | H3ctor · age_up castle |
| 14:54 | H3ctor · first_building Castle |
| 15:01 | Fr4ggi · age_up castle |
| 15:02 | Relief · age_up castle |
| 15:05 | Relief · first_building Monastery |
| 15:10 | Ex Jugador · age_up castle |
| 15:17 | Ex Jugador · first_building Castle |
| 16:03 | Relief · first_building Castle |
| 16:07 | H3ctor · wall_segment Palisade Wall x1 |
| 16:07 | H3ctor · wall_segment Palisade Wall x1 |
| 16:29 | H3ctor · wall_segment Palisade Wall x1 |
| 16:35 | H3ctor · wall_segment Palisade Wall x1 |
| 16:38 | H3ctor · wall_segment Palisade Wall x6 |
| 16:52 | H3ctor · wall_segment Palisade Wall x1 |
| 16:56 | H3ctor · wall_segment Palisade Wall x1 |
| 17:20 | H3ctor · wall_segment Palisade Wall x1 |
| 17:22 | H3ctor · wall_segment Palisade Wall x1 |
| 17:51 | Relief · first_building Barracks |
| 18:33 | Quando · first_building Siege Workshop |
| 19:40 | Relief · wall_segment Stone Wall x2 |
| 19:44 | Relief · wall_segment Stone Wall x7 |
| 19:46 | H3ctor · first_building Siege Workshop |
| 20:01 | Ex Jugador · first_building Monastery |
| 20:10 | Relief · first_building Archery Range |
| 21:43 | Quando · first_market_sell 100 wood |
| 22:36 | Ex Jugador · first_building Siege Workshop |
| 23:05 | H3ctor · first_market_buy 100 wood |
| 23:46 | Ex Jugador · first_market_buy 100 food |
| 24:30 | Fr4ggi · first_building Siege Workshop |
| 25:39 | Mr Fibra · first_building Stable |
| 26:12 | Mr Fibra · age_up imperial |
| 26:37 | Mr Fibra · first_building Castle |
| 27:56 | Quando · first_building Castle |
| 28:02 | H3ctor · first_building Barracks |
| 28:39 | Quando · first_market_buy 100 food |
| 29:42 | Mr Fibra · first_market_buy 100 stone |
| 29:54 | Fr4ggi · age_up imperial |
| 30:20 | Ex Jugador · first_building Barracks |
| 30:39 | Relief · first_market_buy 100 stone |
| 32:01 | Quando · age_up imperial |
| 32:26 | Ex Jugador · first_building Archery Range |
| 32:59 | H3ctor · age_up imperial |
| 34:16 | Ex Jugador · first_building Stable |
| 36:08 | Ex Jugador · age_up imperial |
| 36:37 | Fr4ggi · first_building Castle |
| 36:46 | Relief · age_up imperial |
| 40:04 | Relief · first_building Siege Workshop |
| 40:08 | Mr Fibra · first_building Barracks |
| 41:59 | H3ctor · wall_segment Palisade Wall x1 |
| 42:02 | H3ctor · resign |
[ AI ANALYSIS · 1 CREDIT ]
What really happened in this match?
Wolo.gg analyzes every decision: build order, eco, micro, common mistakes by bracket. Personalized analysis on WhatsApp or Discord in 30 seconds.
Civ guide
Bohemians
Perfil
Jugador #3126348